 Dungeon Crawl Stone Soup version 0.28.0-53-g5a82cb258f (webtiles) character file.

Game seed: 4582427546135639533

483 Kranky the Skirmisher (level 7, -4/51 HPs)
             Began as an Octopode Fighter on June 20, 2022.
             Slain by an orc
             ... wielding a +0 mace
              (7 damage)
             ... on level 4 of the Dungeon.
             The game lasted 00:04:56 (3642 turns).

Kranky the Skirmisher (Octopode Fighter)            Turns: 3642, Time: 00:04:57

Health: -4/51      AC:  1    Str: 15    XL:     7   Next: 12%
Magic:  16/16      EV: 14    Int: 10    God:
Gold:   146        SH:  5    Dex: 14    Spells: 6/6 levels left

rFire   . . .      SeeInvis .   e - +2 dagger (elec)
rCold   . . .      Faith    .   b - +0 buckler
rNeg    + . .      Spirit   .   (helmet restricted)
rPois   .          Reflect  .   (no amulet)
rElec   .          Harm     .   p - ring of magical power
rCorr   .          Rampage  .   v - ring of positive energy
Will    .....                   (no ring)
Stlth   +++.......              (no ring)
HPRegen 0.17/turn               (no ring)
MPRegen 0.15/turn               (no ring)
                                (no ring)
                                (no ring)

@: flying
A: almost no armour, amphibious, 8 rings, camouflage 1, gelatinous body 1,
(nimble swimmer 1), tentacles
a: no special abilities


You were on level 4 of the Dungeon.
You visited 1 branch of the dungeon, and saw 4 of its levels.

You collected 146 gold pieces.

Inventory:

Hand Weapons
 a - a +0 flail
 e - a +2 dagger of electrocution (weapon)
Missiles
 l - 14 poisoned darts (quivered)
Armour
 b - a +0 buckler (worn)
Jewellery
 p - a ring of magical power (left tentacle)
 v - a ring of positive energy (right tentacle)
Wands
 j - a wand of digging (2)
Scrolls
 f - a scroll of enchant armour {unknown}
 h - 3 scrolls of identify {unknown}
 k - a scroll of torment {unknown}
 m - 2 scrolls of teleportation {unknown}
 n - a scroll of noise {unknown}
 o - 2 scrolls of blinking {unknown}
 r - a scroll of fear {unknown}
Potions
 c - a potion of might
 d - a potion of resistance {unknown}
 g - a potion of ambrosia {unknown}
 i - 2 potions of attraction {unknown}
 q - 2 potions of degeneration {unknown}
 s - a potion of brilliance {unknown}
 t - a potion of flight
 u - 2 potions of curing
 w - a potion of mutation {unknown}


   Skills:
 + Level 5.8 Fighting
 - Level 2.0 Maces & Flails
 + Level 4.7 Dodging
 - Level 3.0 Stealth
 + Level 4.1 Shields


You had 6 spell levels left.
You didn't know any spells.
Your spell library contained the following spells:

 Spells                   Type           Power      Damage    Failure   Level
 Shock                    Conj/Air       0%         1d3       43%         1
 Ensorcelled Hibernation  Hex/Ice        0%         N/A       58%         2
 Passwall                 Tmut/Erth      0%         N/A       58%         2
 Call Canine Familiar     Summ           0%         N/A       82%         3
 Portal Projectile        Hex/Tloc       0%         N/A       82%         3
 Swiftness                Air            0%         N/A       82%         3
 Airstrike                Air            0%         N/A       99%         4
 Leda's Liquefaction      Hex/Erth       0%         N/A       99%         4


Dungeon Overview and Level Annotations

Branches:
Dungeon (4/15)
 Temple: D:4-7

Altars:
Trog
Xom


Innate Abilities, Weirdness & Mutations

You cannot wear most types of armour.
You are amphibious.
You can wear up to eight rings at the same time.
Your skin changes colour to match your surroundings (Stealth+).
Your rubbery body absorbs attacks. (AC +1, EV +1)
((You are camouflaged when in or above water. (Stealth+)))
You have tentacles for arms and can constrict up to eight enemies at once.


Message History

A magic dart appears from out of thin air!
The magic dart hits you!
You hit the orc priest but do no damage.
Lightning courses through the orc priest!
You kill the orc priest!
Something hits you.
* * * LOW HITPOINT WARNING * * *
A giant cockroach comes into view.
You hit something. Lightning courses through something!
Your tentacle-slap misses something.
Your squeeze misses something. You barely miss something. Something hits you.
* * * LOW HITPOINT WARNING * * *
You closely miss something. You block the orc's attack. Something hits you.
* * * LOW HITPOINT WARNING * * *
The orc barely misses you.
You closely miss something. Your squeeze misses something. Something hits you.
* * * LOW HITPOINT WARNING * * *
The orc misses you.
You miss something. Something hits you.
* * * LOW HITPOINT WARNING * * *
You block the orc's attack.
You hit something but do no damage.
You hear some strange, mumbled words.
A puff of flame appears from out of thin air!
The puff of flame misses you. The orc hits you but does no damage.
You closely miss something. Something hits you.
* * * LOW HITPOINT WARNING * * *
The orc misses you.
It was a potion of curing.
You feel better.
You hear some strange, mumbled words.
A magic dart appears from out of thin air!
The magic dart hits you.
* * * LOW HITPOINT WARNING * * *
The orc closely misses you.
It was a potion of flight.
You feel very buoyant.
You fly up into the air.
Something hits you.
* * * LOW HITPOINT WARNING * * *
The orc hits you with a +0 mace!
You die...

....... .....
..... .... ...
#B# #o##
#######@{#######
....)...........
########..#####
##.#
######.######.
......#
#.............
......
#.####..#####.
..... #.# ##.#
.... #.# ..#


You could see an orc and a giant cockroach.

Vanquished Creatures
  Sigmund (D:3)
  An ogre (D:4)
  A water moccasin skeleton (D:4)
  An orc priest (D:4)
  Ijyb (D:3)
  A gnoll (D:3)
  3 adders
  A worm (D:2)
  5 dart slugs
  4 orcs
  5 bats
  8 endoplasms
  A giant cockroach (D:3)
  4 goblins
  3 hobgoblins
  10 jackals
  11 kobolds
  4 quokkas
  7 ball pythons
  6 frilled lizards
  4 rats
82 creatures vanquished.

Notes
Turn   | Place    | Note
-------+----------+-------------------------------------------
     0 | D:1      | Kranky the Octopode Fighter began the quest for the Orb.
     0 | D:1      | Reached XP level 1. HP: 16/16 MP: 1/1
   213 | D:1      | Reached skill level 1 in Stealth
   352 | D:1      | Reached XP level 2. HP: 19/21 MP: 2/2
   840 | D:1      | Found a faded altar of an unknown god.
  1219 | D:1      | Reached XP level 3. HP: 24/26 MP: 3/3
  1777 | D:2      | Reached skill level 4 in Fighting
  2087 | D:2      | Reached XP level 4. HP: 33/33 MP: 4/4
  2209 | D:3      | Noticed Ijyb
  2216 | D:3      | Killed Ijyb
  2765 | D:3      | Found a bloodstained altar of Trog.
  2925 | D:3      | Reached XP level 5. HP: 38/38 MP: 5/5
  3005 | D:3      | Noticed Sigmund
  3014 | D:3      | Killed Sigmund
  3015 | D:3      | Reached skill level 5 in Fighting
  3015 | D:3      | Reached XP level 6. HP: 36/45 MP: 6/6
  3187 | D:3      | Found a shimmering altar of Xom.
  3528 | D:4      | Reached XP level 7. HP: 49/51 MP: 7/7
  3640 | D:4      | HP: 1/51 [something (4)]
  3642 | D:4      | Slain by an orc

Illustrated notes

Levels and vault maps discovered:
D:1:      lightli_arrival_farm, layout_basic,
          hellmonk_ecumenical_altar_dog_temple, minmay_octomino_j4
D:2:      layout_loops_cross
D:3:      layout_basic, mainiacjoe_overflow_boulevard, tgw_xom,
          minmay_pentangle, uniq_sigmund, uniq_ijyb
D:4:      layout_basic

Skill      XL: |  1  2  3  4  5  6 |
---------------+-------------------+-----
Stealth        | 1 2 3 |  3.0
Fighting       | 4 5 |  5.8
Dodging        | 4 |  4.7
Shields        | 4 |  4.1
Maces & Flails | |  2.0

Action                   |  1- 3 |  4- 6 |  7- 9 || total
-------------------------+-------+-------+-------++-------
Melee: Flail             |    24 |       |       ||    24
       Tentacles         |     9 |    14 |     2 ||    25
       Constrict         |     6 |    21 |     3 ||    30
       Dagger            |    34 |    86 |    19 ||   139
       Punch             |       |     1 |       ||     1
  Use: Potion            |       |       |     2 ||     2
 Stab: Sleeping          |    16 |     9 |     1 ||    26
Armor: Skin              |     5 |     8 |     1 ||    14
Dodge: Dodged            |    37 |    36 |     8 ||    81
Block: Buckler           |     9 |    19 |     3 ||    31
